 Dungeon Crawl Stone Soup version 0.24.0-123-gd5b16e6ec5 (webtiles) character file.

Game seed: 9082427704572311152, levelgen mode: deterministic

1281 peskyplumber the Basher (level 8, 0/66 HPs)
             Began as a Minotaur Berserker on Dec 27, 2019.
             Was an Elder of Trog.
             Slain by a jackal (2 damage)
             ... on level 7 of the Dungeon.
             The game lasted 00:09:49 (6325 turns).

peskyplumber the Basher (Minotaur Berserker)        Turns: 6325, Time: 00:09:49

Health: 0/66       AC:  0    Str: 22    XL:     8   Next: 29%
Magic:  7/7        EV: 15    Int:  4    God:    Trog [****..]
Gold:   308        SH:  0    Dex: 12    Spells: 7/7 levels left

rFire    + . .     SeeInvis .   (weapon currently unavailable)
rCold    + . .     Gourm    .   (shield currently unavailable)
rNeg     . . .     Faith    .   (armour currently unavailable)
rPois    +         Spirit   .   (helmet currently unavailable)
rElec    +         Reflect  .   (cloak currently unavailable)
rCorr    +         Harm     .   (gloves currently unavailable)
MR       .....                  (boots currently unavailable)
Stlth    +.........             p - amulet of rage
HPRegen  0.21/turn              (ring currently unavailable)
MPRegen  0.10/turn              (ring currently unavailable)

@: pig-form (expiring), resistant, very quick
A: small, (retaliatory headbutt)
a: Berserk, Trog's Hand, Brothers in Arms, Renounce Religion, Evoke Berserk Rage


You were on level 7 of the Dungeon.
You worshipped Trog.
Trog was greatly pleased with you.
You were hungry.
You were a filthy swine.
You visited 1 branch of the dungeon, and saw 7 of its levels.

You collected 308 gold pieces.

Inventory:

Hand Weapons
 f - a +3 quarterstaff of chaos (melded)
Armour
 i - a +0 chain mail (melded)
Jewellery
 h - a +3 ring of dexterity (melded)
 n - a ring of see invisible (melded)
 p - an amulet of rage (around neck)
Scrolls
 d - 6 scrolls of remove curse
 l - a scroll of magic mapping
Potions
 a - a potion of brilliance {unknown}
 b - 3 potions of lignification
 e - a potion of resistance
 g - a potion of ambrosia {unknown}
 j - a potion of agility
 m - 2 potions of curing
Comestibles
 c - 7 rations


   Skills:
 - Level 4.1 Fighting
   Level 9.6(10.7) Maces & Flails
 * Level 7.5(9.7) Staves
 - Level 2.5 Armour
 - Level 2.4 Dodging


You had 7 spell levels left.
You didn't know any spells.
Your spell library was empty.

Dungeon Overview and Level Annotations

Branches:
Dungeon (7/15)             Temple (0/1) D:4

Altars:
Cheibriados
Dithmenos
Makhleb
Okawaru
Vehumet

Annotations:
D:7 Edmund


Innate Abilities, Weirdness & Mutations

((You reflexively headbutt those who attack you in melee.))
((You have a pair of horns on your head.))


Message History

It was a potion of resistance.
You feel protected. The jackal bites you.
* * * LOW HITPOINT WARNING * * *
The jackal closely misses you.
Edmund hits you with a +3 flail of protection!
* * * LOW HITPOINT WARNING * * *
The jackal bites you.
* * * LOW HITPOINT WARNING * * *
The jackal misses you. The jackal completely misses you.
It was a potion of lignification.
You feel woody for a moment. The jackal bites you.
* * * LOW HITPOINT WARNING * * *
The jackal closely misses you. The jackal bites you.
* * * LOW HITPOINT WARNING * * *
Edmund zaps a wand.
You resist with some effort.
You completely miss Edmund.
Edmund is almost dead.
The jackal bites you.
You die...

##########
..#........#
#..[...@...#
#...hh...#
#...hh...#
#........#
#........#
..........#
..#........#
# #........#
##########


You could see Edmund and 3 jackals.

Vanquished Creatures
  Duvessa (D:4)
  A sky beast (D:5)
  An ogre (D:6)
  A centaur (D:5)
  Blork the orc (D:5)
  Dowan (D:4)
  A crimson imp (D:5)
  2 bullfrog zombies
  A hound (D:3)
  An orc priest (D:3)
  Crazy Yiuf (D:4)
  A gnoll shaman (D:6)
  2 worker ants (D:5)
  Natasha (thrice) (D:4 D:3)
  An iguana (D:4)
  5 orc wizards
  A hound zombie (D:6)
  A howler monkey zombie (D:5)
  10 gnolls
  8 adders
  A shadow imp (D:5)
  2 oozes (D:1)
  2 dart slugs (D:3)
  2 worms (D:2)
  4 leopard geckos
  9 orcs
  4 ball pythons
  2 giant cockroaches
  5 goblins
  14 hobgoblins
  2 quokkas
  12 bats
  13 frilled lizards
  2 jackal skeletons (D:4)
  6 kobolds
  13 rats
137 creatures vanquished.

Notes
Turn   | Place    | Note
-------+----------+-------------------------------------------
     0 | D:1      | peskyplumber the Minotaur Berserker began the quest for the
                  | Orb.
     0 | D:1      | Reached XP level 1. HP: 19/19 MP: 0/0
    84 | D:1      | Reached skill level 4 in Maces & Flails
    84 | D:1      | Reached XP level 2. HP: 19/27 MP: 1/1
   362 | D:1      | Reached ** piety under Trog
   378 | D:1      | Reached XP level 3. HP: 25/33 MP: 2/2
   994 | D:2      | Reached skill level 5 in Maces & Flails
  1050 | D:2      | Reached XP level 4. HP: 23/40 MP: 3/3
  1389 | D:2      | Found a burning altar of Makhleb.
  1620 | D:3      | Found a snail-covered altar of Cheibriados.
  1728 | D:3      | Reached skill level 6 in Maces & Flails
  1788 | D:3      | Reached XP level 5. HP: 39/46 MP: 4/4
  1791 | D:3      | Reached *** piety under Trog
  2256 | D:4      | Found a staircase to the Ecumenical Temple.
  2288 | D:4      | Noticed Dowan
  2289 | D:4      | Noticed Duvessa
  2300 | D:4      | Killed Dowan
  2300 | D:4      | Reached skill level 7 in Maces & Flails
  2309 | D:4      | Killed Duvessa
  2309 | D:4      | Reached skill level 8 in Maces & Flails
  2309 | D:4      | Reached XP level 6. HP: 22/52 MP: 5/5
  2652 | D:4      | Noticed Natasha
  2679 | D:4      | Killed Natasha
  2950 | D:4      | Found a runed translucent door.
  2951 | D:4      | Noticed Crazy Yiuf
  2962 | D:4      | Noticed Natasha
  3000 | D:4      | Killed Natasha
  3000 | D:4      | Reached skill level 9 in Maces & Flails
  3154 | D:4      | Noticed Natasha
  3407 | D:3      | Killed Natasha
  3407 | D:3      | Reached XP level 7. HP: 46/59 MP: 6/6
  3573 | D:4      | Reached **** piety under Trog
  3933 | D:4      | Killed Crazy Yiuf
  4003 | D:5      | Entered Level 5 of the Dungeon
  4027 | D:5      | Reached skill level 1 in Staves
  4296 | D:5      | Noticed Blork the orc
  4543 | D:5      | Killed Blork the orc
  4686 | D:5      | Reached skill level 5 in Staves
  4703 | D:5      | Found an iron altar of Okawaru.
  4717 | D:5      | Found a radiant altar of Vehumet.
  4866 | D:5      | Reached XP level 8. HP: 42/66 MP: 7/7
  5015 | D:5      | Found a shadowy altar of Dithmenos.
  6298 | D:6      | Noticed Edmund
  6324 | D:7      | HP: 2/66 [jackal (3)]
  6325 | D:7      | Slain by a jackal

Levels and vault maps discovered:
D:1:      nzn_arrival_settlement, layout_loops_ring, st_stairs_1,
          minmay_splitting_lines, minmay_quantized
D:2:      layout_basic, first_ration, bloody_makhleb
D:3:      layout_basic, overflow_temple_1_default
D:4:      layout_basic, minmay_temple_entry_ruins, uniq_duvessa, uniq_natasha,
          uniq_crazy_yiuf_cottage
D:5:      layout_layer_cave, old_standard_altar, lemuel_doored_altar,
          grunt_dithmenos_shadows, kennysheep_generic_room_3, uniq_blork_the_orc
D:6:      layout_basic, minitemple, basic_altar, uniq_edmund
D:7:      layout_rooms, marbit_many_paths, kennysheep_mini_moat, enter_bailey_3,
          minmay_hedge_maze

Skill      XL: |  1  2  3  4  5  6  7  8 |
---------------+-------------------------+-----
Maces & Flails | 4 5 6 8 9 |  9.6
Fighting       | 4 |  4.1
Staves         | 5 7 |  7.5
Armour         | |  2.5
Dodging        | |  2.4

Action                   |  1- 3 |  4- 6 |  7- 9 || total
-------------------------+-------+-------+-------++-------
Melee: Mace              |    80 |   149 |    27 ||   256
       Headbutt          |    12 |    23 |    21 ||    56
       Quarterstaff      |       |       |    86 ||    86
       Unarmed           |       |       |    16 ||    16
Invok: Berserk           |       |       |     1 ||     1
  Use: Scroll            |       |     6 |     2 ||     8
       Potion            |       |     1 |     2 ||     3
  Eat: Chunk             |       |     7 |       ||     7
       Ration            |       |     1 |     2 ||     3
Armor: Animal skin       |     9 |       |       ||     9
       Chain mail        |    21 |   109 |    84 ||   214
Dodge: Dodged            |    67 |    72 |   111 ||   250
